 Dungeon Crawl Stone Soup version 0.26-a0-50-gc4d14cd842 (webtiles) character file.

Game seed: 11974871299551894759

2 vurker the Magician (level 1, -3/13 HPs)
             Began as a Mummy Wizard on June 4, 2020.
             Killed from afar by a dart slug (6 damage)
             ... with a slug dart
             ... on level 1 of the Dungeon.
             The game lasted 00:00:24 (44 turns).

vurker the Magician (Mummy Wizard)                    Turns: 44, Time: 00:00:25

Health: -3/13      AC:  2    Str: 10    XL:     1   Next: 33%
Magic:  0/5        EV: 12    Int: 17    God:
Gold:   0          SH:  0    Dex: 10    Spells: 7/8 levels left

rFire    x . .     SeeInvis .   (no weapon)
rCold    + . .     Gourm    .   (no shield)
rNeg     + + +     Faith    .   a - +0 robe
rPois    ∞         Spirit   .   b - +0 hat
rElec    .         Reflect  .   (no cloak)
rCorr    .         Harm     .   (no gloves)
MR       .....                  (no boots)
Stlth    ++........             (no amulet)
HPRegen  0.04/turn              (no ring)
MPRegen  0.09/turn              (no ring)

@: no status effects
A: no food or potions, fire vulnerability, cold resistance 1, negative energy
resistance 3, torment resistance, unbreathing
a: no special abilities


You were on level 1 of the Dungeon.
You were not hungry.

You visited 1 branch of the dungeon, and saw 1 of its levels.

Inventory:

Armour
 a - a +0 robe (worn)
 b - a +0 hat (worn)


   Skills:
 + Level 0.1 Fighting
 - Level 1.5 Dodging
 - Level 1.5 Stealth
 * Level 4.1 Spellcasting
 * Level 0.9 Conjurations
   Level 0.7 Summonings
   Level 0.7 Translocations


You had 7 spell levels left.
You knew the following spells:

 Your Spells              Type           Power        Failure   Level  Hunger
a - Magic Dart            Conj           #...         11%         1    N/A

Your spell library contained the following spells:

 Spells                   Type           Power        Failure   Level  Hunger
 Blink                    Tloc           N/A          17%         2    N/A
 Call Imp                 Summ           #.......     17%         2    N/A
 Slow                     Hex            #.......     24%         2    N/A
 Conjure Flame            Conj/Fire      #.......     36%         3    N/A
 Mephitic Cloud           Conj/Pois/Air  #.......     38%         3    N/A

Dungeon Overview and Level Annotations

Branches:
Dungeon (1/15)

Altars:


Innate Abilities, Weirdness & Mutations

You do not eat or drink.
Your flesh is vulnerable to fire.
You are immune to poison.
Your flesh is cold resistant. (rC+)
You are immune to negative energy. (rN+++)
You are immune to unholy pain and torment.
You can survive without breathing.


Message History

(m)acro, (M)acro raw, keymap [(k) default, (x) level-map, (t)argeting, (c)onfirm, m(e)nu], (s)ave?
Input macro trigger key: 1 Current Action: zaf Do you wish to (r)edefine, (c)lear, or (a)bort?
Input macro action: zaf Created macro '1' => 'zaf'.
You open the door.
The dart slug is too close now for your liking.
A dart slug is nearby!
A goblin comes into view.
The goblin shouts!
There is an open door here.
Aim: a dart slug The magic dart hits the dart slug.
Aim: a dart slug (moderately wounded)
The magic dart hits the dart slug.
Aim: a goblin The magic dart hits the goblin.
Aim: a goblin (moderately wounded)
The magic dart hits the goblin.
You kill the goblin!
Aim: a leopard gecko The magic dart hits the leopard gecko.
A hobgoblin comes into view. It is wielding a +0 club.
The hobgoblin shouts!
You open the door. The leopard gecko bites you. x2
The hobgoblin barely misses you.
There is an open door here.
The hobgoblin hits you with a +0 club. The leopard gecko closely misses you.
The leopard gecko closely misses you.
The leopard gecko hisses menacingly.
There is an open door here.
The leopard gecko barely misses you.
Aim: a leopard gecko The magic dart hits the leopard gecko.
The leopard gecko bites you but does no damage. x2
Aim: a leopard gecko (moderately wounded)
The magic dart hits the leopard gecko.
You kill the leopard gecko!
The hobgoblin barely misses you.
You hit the dart slug but do no damage.
Aim: a hobgoblin, wielding a +0 club The magic dart hits the hobgoblin but does no damage.
The hobgoblin misses you. The dart slug completely misses you.
You hit the dart slug. The hobgoblin hits you with a +0 club.
* * * LOW HITPOINT WARNING * * *
The dart slug launches a dart at you. The slug dart hits you.
You die...

#.......#.##
#.....†....####
#.............#
..#####'#####.#
..#PPP#.#PPP#.#
..#P⌠P#.#P⌠P#.#
..#PPP#.#PPP#.#
..#####.#####.##
..+....<†.g@w..#
..#####.#####....#
#.#PPP#.#PPP#..###
#.#P⌠P#.#P⌠P#..#
#.#PPP#.#PPP#..#
#.#####+#####..#
#..............#
#######........#


You could see a dart slug and a hobgoblin.

Vanquished Creatures
  A leopard gecko (D:1)
  A goblin (D:1)
2 creatures vanquished.

Notes
Turn   | Place    | Note
-------+----------+-------------------------------------------
     0 | D:1      | vurker the Mummy Wizard began the quest for the Orb.
     0 | D:1      | Reached XP level 1. HP: 13/13 MP: 5/5
    44 | D:1      | Killed from afar by a dart slug

Illustrated notes

Levels and vault maps discovered:
D:1:      beargit_arrival_greenhouse, layout_rooms, hex_medium

Action                   || total
-------------------------++-------
Melee: Unarmed           ||     2
 Cast: Magic Dart        ||     8
Armor: Robe              ||     2
Dodge: Dodged            ||     7

Table legend:
 A = Non-vault XP
 B = Vault XP
 C = Vault XP percentage of total XP
 D = Non-vault monster count
 E = Vault monster count
 F = Vault count percentage of total count
                 A         B        C        D         E       F
            +---------+---------+-------+---------+---------+-------
      Total |       4 |       0 |   0.0 |       2 |       0 |   0.0
            +---------+---------+-------+---------+---------+-------
        D:1 |       4 |       0 |   0.0 |       2 |       0 |   0.0
            +---------+---------+-------+---------+---------+-------
